 Dungeon Crawl Stone Soup version 0.19.1 (webtiles) character file.

185 Gargoyl the Distorting Demonspawn (level 5, -18/41 HPs)
             Began as a Demonspawn Abyssal Knight on Nov 25, 2016.
             Was a Believer of Lugonu.
             Demolished by an ogre
             ... wielding a +0 giant club
              (24 damage)
             ... on level 3 of the Dungeon.
             The game lasted 00:05:28 (3033 turns).

Gargoyl the Distorting Demonspawn (DsAK)            Turns: 3033, Time: 00:05:28

Health: -18/41     AC: 13    Str: 14    XL:     5   Next: 37%
Magic:  7/7        EV:  4    Int: 13    God:    Lugonu [**....]
Gold:   214        SH:  0    Dex: 12    Spells: 0 memorised, 4 levels left

rFire  + . .     SeeInvis .     a - +1 hand axe
rCold  . . .     Gourm    .     q - +0 plate armour
rNeg   . . .     Faith    .     (no shield)
rPois  .         Spirit   .     (no helmet)
rElec  .         Reflect  .     (no cloak)
rCorr  .         Harm     .     (no gloves)
MR     .....                    (no boots)
Stlth  ..........               (no amulet)
                                (no ring)
                                (no ring)

@: no status effects
A: claws 1, icy blue scales 1, fire resistance 1
a: Depart the Abyss, Bend Space, Renounce Religion


You were on level 3 of the Dungeon.
You worshipped Lugonu.
Lugonu was pleased with you.
You were very hungry.

You visited 1 branch of the dungeon, and saw 4 of its levels.
You visited the Abyss 1 time.

You collected 214 gold pieces.

Inventory:

Hand Weapons
 a - a +1 hand axe (weapon)
Armour
 q - a +0 plate armour (worn)
Jewellery
 b - an uncursed ring of flight
Scrolls
 d - 2 scrolls of identify
 i - a scroll of amnesia {unknown}
 j - 3 scrolls of remove curse
 l - 2 scrolls of teleportation {unknown}
 m - a scroll of enchant armour {unknown}
 n - a scroll of random uselessness {unknown}
 o - a scroll of fear {unknown}
 p - 2 scrolls of fog {unknown}
 u - a scroll of magic mapping {unknown}
 w - a scroll of noise {unknown}
Potions
 e - a potion of agility {unknown}
 g - 2 potions of heal wounds
 k - a potion of flight {unknown}
 r - a potion of curing {unknown}
 s - a potion of degeneration {unknown}
Comestibles
 c - 4 bread rations
 f - a royal jelly
 h - 2 fruits
 t - 2 meat rations


   Skills:
 + Level 3.5 Fighting
 + Level 3.3 Axes
 * Level 3.2 Armour
 + Level 1.1 Dodging
 * Level 3.7 Invocations


You had 4 spell levels left.
You didn't know any spells.

Dungeon Overview and Level Annotations

Branches:
Dungeon (4/15)
 Temple: D:4-7

Altars:
Uskayaw


Innate Abilities, Weirdness & Mutations

You have sharp fingernails.
You are partially covered in icy blue scales. (AC +2)
Your flesh is heat resistant. (rF+)


Message History

The ogre is lightly wounded.
The ogre hits you with a giant club!
You barely miss the ogre.
The ogre is lightly wounded.
The ogre hits you with a giant club.
You slash the ogre!
The ogre is heavily wounded.
The ogre hits you but does no damage.
You slash the ogre!
The ogre is severely wounded.
The ogre hits you with a giant club!
* * * LOW HITPOINT WARNING * * *
You hit the ogre.
The ogre is severely wounded.
The ogre barely misses you.
Your plate armour prevents you from hitting the ogre.
The ogre is severely wounded.
The ogre hits you with a giant club!!
Ouch! That really hurt!
You die...

#<...............#.........
#.............(........#...
#................#.....##)#
#######................#...
#...........#.......#
#...........#......##
####........#......#
#........#......#
#@O......###....#
#.<......# #....#
########## #....# #....#
######


You could see an ogre.

Vanquished Creatures
  A phantom (D:4)
  2 adders
  An ooze (D:1)
  4 worms
  4 dart slugs
  2 leopard geckos
  An orc (D:3)
  4 giant cockroaches
  5 hobgoblins
  3 jackals (D:4)
  4 kobolds
  3 quokkas
  A ball python (D:3)
  5 bats
  4 frilled lizards
  9 goblins
  6 rats
59 creatures vanquished.

Vanquished Creatures (others)
  11 starspawn tentacles (Abyss:1)
11 creatures vanquished.

Grand Total: 70 creatures vanquished

Notes
Turn   | Place    | Note
-------+----------+-------------------------------------------
     0 | Abyss:1  | Gargoyl the Demonspawn Abyssal Knight began the quest for the Orb.
     0 | Abyss:1  | Reached XP level 1. HP: 18/18 MP: 2/2
     6 | Abyss:1  | Found a corrupted altar of Lugonu.
   138 | Abyss:1  | Noticed a tentacled starspawn
   165 | Abyss:1  | Noticed an apocalypse crab
   168 | Abyss:2  | Found a stormy altar of Qazlal.
   229 | D:1      | Escaped the Abyss
   555 | D:1      | Reached * piety under Lugonu
   556 | D:1      | Gained mutation: You are partially covered in icy blue scales. (AC +2) [demonic ancestry]
   556 | D:1      | Reached XP level 2. HP: 23/24 MP: 3/3
   882 | D:1      | Gained mutation: You have sharp fingernails. [demonic ancestry]
   882 | D:1      | Reached XP level 3. HP: 26/29 MP: 5/5
   889 | D:1      | Reached skill level 1 in Dodging
  2225 | D:2      | Gained mutation: Your flesh is heat resistant. (rF+) [demonic ancestry]
  2225 | D:2      | Reached XP level 4. HP: 33/35 MP: 6/6
  2226 | D:2      | Reached ** piety under Lugonu
  2376 | D:3      | Found a hide-covered altar of Uskayaw.
  2837 | D:4      | Noticed a phantom
  2853 | D:4      | Killed a phantom
  2853 | D:4      | Reached XP level 5. HP: 38/41 MP: 7/7
  2889 | D:4      | Noticed an ogre
  3033 | D:3      | Demolished by an ogre

Skill      XL: |  1  2  3  4 |
---------------+-------------+-----
Axes           | 2 3 |  3.3
Armour         | 2 3 |  3.2
Dodging        | 1 |  1.1
Invocations    | 3 |  3.7
Fighting       | |  3.5

Action                   |  1- 3 |  4- 6 || total
-------------------------+-------+-------++-------
Melee: Hand axe          |   158 |    92 ||   250
Invok: Depart the Abyss  |     1 |       ||     1
       Bend Space        |       |     1 ||     1
  Use: Scroll            |       |     4 ||     4
  Eat: Chunk             |     4 |     2 ||     6
Armor: Chain mail        |   111 |     3 ||   114
       Plate armour      |       |    80 ||    80
Dodge: Dodged            |    58 |    35 ||    93
